 Dungeon Sprint DCSS version 0.27-a0-489-g24c7b1a3ef (webtiles) character file.

Game seed: 2003831200542328607

20444 rocky1 the Earth Mage (level 12, -1/110 HPs)
             Began as a Red Draconian Earth Elementalist on Mar 2, 2021.
             Was a High Priest of Sif Muna.
             Slain by a vampire mage (10 damage)
             ... in the Dungeon (Sprint VII: "The Pits").
             The game lasted 00:23:08 (3663 turns).

rocky1 the Earth Mage (DrEE)                        Turns: 3663, Time: 00:23:08

Health: -1/110     AC: 11    Str: 15    XL:     12   Next: 45%
Magic:  10/27      EV: 20    Int: 19    God:    Sif Muna [*****.]
Gold:   32         SH:  0    Dex: 12    Spells: 16/34 levels left

rFire    + . .     SeeInvis .   t - +4 lajatang (vamp)
rCold    . . .     Faith    .   (shield currently unavailable)
rNeg     . . .     Spirit   .   (armour unavailable)
rPois    .         Reflect  .   (helmet restricted)
rElec    .         Harm     .   m - +0 cloak
rCorr    .         Rampage  .   v - +0 pair of gloves
Will     .....     NoTele   +   u - +0 pair of boots
Stlth    ++........             (no amulet)
HPRegen  0.28/turn              n - +3 ring of evasion
MPRegen  0.20/turn              o - +3 ring of strength

@: slowed, very slow
A: breathe fire, unfitting armour, fire resistance 1, cold-blooded, AC +8
a: Breathe Fire, Renounce Religion, Channel Magic, Forget Spell, Divine Exegesis


You were in the Dungeon.
You worshipped Sif Muna.
Sif Muna was extremely pleased with you.
You visited 1 branch You collected 32 gold pieces.

Inventory:

Hand Weapons
 l - a +2 quarterstaff of speed
 t - a +4 vampiric lajatang (weapon)
Missiles
 b - 57 stones
Armour
 m - a +0 cloak (worn)
 u - a +0 pair of boots (worn)
 v - a +0 pair of gloves (worn)
 E - a +0 kite shield
Jewellery
 n - a +3 ring of evasion (left hand)
 o - a +3 ring of strength (right hand)
 x - a ring of ice
 D - a ring of protection from fire
Wands
 k - a wand of iceblast (5)
 w - a wand of flame (15)
Scrolls
 i - 5 scrolls of amnesia
 j - a scroll of summoning
 z - 2 scrolls of fog
 A - 4 scrolls of identify
 B - a scroll of fear
 C - a scroll of enchant armour
Potions
 a - 2 potions of invisibility
 c - 9 potions of curing
 d - 7 potions of heal wounds
 e - 4 potions of haste
 f - 4 potions of magic
 g - 4 potions of berserk rage
 p - a potion of brilliance
 q - a potion of resistance
 r - 3 potions of might
 s - 3 potions of mutation


   Skills:
 + Level 11.0 Fighting
 + Level 10.1 Staves
 + Level 9.6 Dodging
 - Level 1.7 Stealth
 + Level 11.8 Spellcasting
 + Level 11.0 Conjurations
 - Level 4.4 Transmutations
 + Level 12.1 Fire Magic
 + Level 15.2 Earth Magic
 - Level 13.2 Invocations


You had 16 spell levels left.
You knew the following spells:

 Your Spells              Type           Power        Failure   Level
a - Sandblast             Erth           100%         0%          1
b - Stone Arrow           Conj/Erth      100%         1%          3
c - Lee's Rapid Deconstr  Erth           31%          1%          5
d - Petrify               Tmut/Erth      48%          1%          4
e - Bolt of Magma         Conj/Fire/Erth 28%          1%          5

Your spell library contained the following spells:

 Spells                   Type           Power        Failure   Level
 Foxfire                  Conj/Fire      100%         1%          1
 Magic Dart               Conj           100%         1%          1
 Passwall                 Tmut/Erth      40%          1%          2
 Searing Ray              Conj           100%         1%          2
 Wereblood                Tmut           28%          1%          2
 Dazzling Flash           Conj/Hex       64%          1%          3
 Static Discharge         Conj/Air       32%          1%          3
 Sticky Flame             Conj/Fire      53%          1%          4
 Iskenderun's Battlesphe  Conj           52%          1%          5
 Mephitic Cloud           Conj/Pois/Air  25%          4%          3
 Iron Shot                Conj/Erth      28%          4%          6
 Animate Skeleton         Necr           22%          6%          1
 Freeze                   Ice            44%          6%          1
 Fulminant Prism          Conj/Hex       16%          6%          4
 Iskenderun's Mystic Bla  Conj/Tloc      32%          6%          4
 Borgnjor's Vile Clutch   Necr/Erth      20%          8%          5
 Starburst                Conj/Fire      26%          9%          6
 Corpse Rot               Necr/Air       N/A          10%         2
 Slow                     Hex            11%          10%         2
 Frozen Ramparts          Ice            22%          19%         3
 Ozocubu's Armour         Ice            11%          19%         3
 Portal Projectile        Hex/Tloc       22%          19%         3
 Summon Guardian Golem    Hex/Summ       11%          19%         3
 Tukima's Dance           Hex            11%          19%         3
 Vampiric Draining        Necr           5%           19%         3
 Lightning Bolt           Conj/Air       16%          19%         5
 Blade Hands              Tmut           14%          28%         5
 Orb of Destruction       Conj           26%          50%         7
 Cause Fear               Hex            5%           52%         4
 Hydra Form               Tmut           14%          83%         6
 Silence                  Hex/Air        5%           86%         5
 Summon Forest            Summ/Tloc      5%           86%         5
 Lehudib's Crystal Spear  Conj/Erth      28%          88%         8
 Ignition                 Fire           27%          96%         8
 Eringya's Noxious Bog    Tmut/Pois      9%           98%         6
 Spellforged Servitor     Conj/Summ      16%          99%         7
 Simulacrum               Ice/Necr       5%           100%        6
 Dragon Form              Tmut           14%          100%        7
 Ozocubu's Refrigeration  Ice            5%           100%        7
 Summon Hydra             Summ           5%           100%        7
 Chain Lightning          Conj/Air       16%          100%        8
 Fire Storm               Conj/Fire      26%          100%        9
 Shatter                  Erth           31%          100%        9
 Tornado                  Air            5%           100%        9


Dungeon Overview and Level Annotations

Branches:
Dungeon (1/1)

Altars:
Ashenzari
Cheibriados
Dithmenos
Elyvilon
Fedhas
Gozag
Hepliaklqana
Kikubaaqudgha
Makhleb
Nemelex Xobeh
Okawaru
Qazlal
Ru
Sif Muna
Trog
Uskayaw
Vehumet
Wu Jian
Xom
Yredelemnul
Zin
The Shining One
Beogh
Jiyva
Lugonu


Innate Abilities, Weirdness & Mutations

You can breathe blasts of fire.
Your fiery red scales are hard. (AC +8)
You cannot fit into any form of body armour.
Your flesh is heat resistant. (rF+)
You are cold-blooded and may be slowed by cold attacks.


Message History

You kill the death knight!
Sif Muna accepts your kill.
Your damage is reflected back at you!
The blast of metal fragments hits the giant cockroach zombie!!!
You destroy the giant cockroach zombie!
Something hits you but does no damage. Something bites you but does no damage.
The freezing wraith misses you.
The freezing wraith completely misses you.
Your Fighting skill increases to level 11!
Your Conjurations skill increases to level 11!
Casting: Lee's Rapid Deconstruction (mildly dangerous; 1% risk of failure)
Confirm with . or Enter, or press ? or * to list all spells.
Aiming: Lee's Rapid Deconstruction (mildly dangerous; 1% risk of failure)
Press: ? - help, Dir - move target A metal wall.
The metal wall shatters!
The blast of metal fragments hits the minotaur!
The minotaur is heavily wounded.
Something hits you. Something barely misses you.
The minotaur completely misses you.
The minotaur gores you but does no damage.
The freezing wraith hits you. The freezing wraith freezes you!
You feel yourself slow down. The freezing wraith misses you.
Casting: Lee's Rapid Deconstruction (mildly dangerous; 1% risk of failure)
Confirm with . or Enter, or press ? or * to list all spells.
Aiming: Lee's Rapid Deconstruction (mildly dangerous; 1% risk of failure)
Press: ? - help, Dir - move target A metal wall.
The metal wall shatters!
The blast of metal fragments hits the minotaur but does no damage.
The minotaur is heavily wounded.
Something hits you. Something barely misses you.
The minotaur closely misses you. x2; The freezing wraith hits you!
* * * LOW HITPOINT WARNING * * *
The freezing wraith freezes you!!
* * * LOW HITPOINT WARNING * * *
The freezing wraith hits you.
* * * LOW HITPOINT WARNING * * *
Something hits you!
You die...

#..........#
#..#....#..#
+..........#
+..........#
#..#....#..#
#..°.......+
#..........+
###''####''#
###@W####''#########
#.H)...##...........
#.#)##.##...........
#)#." .##..#########
# '=.# ##..# #))+
#..# #++##########
+[[# #..#
........##..# ##+#
#..# .#......##..#
#..#


You could see a minotaur and a freezing wraith (summoned).

Vanquished Creatures
  A death cob (D)
  Ilsuiw (D)
  Nessos (D)
  A red draconian (D)
  A deep elf annihilator (D)
  A merfolk impaler (D)
  3 hydras (D)
  A death knight (D)
  A spriggan (D)
  An unseen horror (D)
  A lindwurm (D)
  2 bog bodies (D)
  A deep elf zephyrmancer (D)
  2 deep elf pyromancers (D)
  A manticore (D)
  3 merfolk sirens (D)
  A guardian serpent (D)
  Maurice (D)
  A molten gargoyle (D)
  A komodo dragon (D)
  2 freezing wraiths (D)
  A rime drake (D)
  2 guardian mummies (D)
  A tyrant leech (D)
  A polar bear (D)
  2 trolls (D)
  2 hornets (D)
  A tarantella (D)
  A wyvern (D)
  A steam dragon (D)
  A neqoxec (D)
  2 soldier ants (D)
  A floating eye (D)
  A small abomination (D)
  A swamp drake (D)
  An ogre (D)
  5 wolves (D)
  A centaur (D)
  A phantom (D)
  A scorpion (D)
  4 killer bees (D)
  4 wights (D)
  A jelly (D)
  2 gnoll shamans (D)
  An iron imp (D)
  2 iguanas (D)
  2 hell rats (D)
  2 worker ants (D)
  10 gnolls (D)
  An adder (D)
  A river rat (D)
  2 ufetubi (D)
  An ooze (D)
  An adder zombie (D)
  An adder skeleton (D)
  A worm (D)
  A leopard gecko (D)
  A bat zombie (D)
  A goblin (D)
  A hobgoblin (D)
  A kobold (D)
  A jackal skeleton (D)
  A jackal zombie (D)
  2 rats (D)
100 creatures vanquished.

Vanquished Creatures (others)
  2 fire vortices (D)
2 creatures vanquished.

Grand Total: 102 creatures vanquished

Notes
Turn   | Place    | Note
-------+----------+-------------------------------------------
     0 | D        | rocky1 the Draconian Earth Elementalist began the quest for
                  | the Orb.
     0 | D        | Reached XP level 1. HP: 14/14 MP: 3/3
    20 | D        | Reached skill level 4 in Earth Magic
    56 | D        | Found a bloodstained altar of Trog.
    56 | D        | Found a shimmering blue altar of Sif Muna.
    56 | D        | Found a viscous altar of Jiyva.
    56 | D        | Found a hazy altar of Hepliaklqana.
    56 | D        | Found an opulent altar of Gozag.
    57 | D        | Found a glowing golden altar of the Shining One.
    57 | D        | Found a glowing silver altar of Zin.
    57 | D        | Found a basalt altar of Yredelemnul.
    57 | D        | Found a shimmering altar of Xom.
    57 | D        | Found an ornate altar of the Wu Jian Council.
    57 | D        | Found a sacrificial altar of Ru.
    57 | D        | Found a stormy altar of Qazlal.
    57 | D        | Found an iron altar of Okawaru.
    57 | D        | Found a sparkling altar of Nemelex Xobeh.
    57 | D        | Found a burning altar of Makhleb.
    57 | D        | Found a blossoming altar of Fedhas.
    57 | D        | Found a white marble altar of Elyvilon.
    57 | D        | Found a shadowy altar of Dithmenos.
    57 | D        | Found a snail-covered altar of Cheibriados.
    60 | D        | Found a corrupted altar of Lugonu.
    60 | D        | Found a radiant altar of Vehumet.
    60 | D        | Found a roughly hewn altar of Beogh.
    61 | D        | Found an ancient bone altar of Kikubaaqudgha.
    61 | D        | Found a hide-covered altar of Uskayaw.
    61 | D        | Found a broken altar of Ashenzari.
    62 | D        | Became a worshipper of Sif Muna the Loreminder
   102 | D        | Reached skill level 5 in Earth Magic
   102 | D        | Reached XP level 2. HP: 17/20 MP: 5/5
   154 | D        | Reached * piety under Sif Muna
   166 | D        | Reached skill level 7 in Earth Magic
   166 | D        | Reached XP level 3. HP: 26/26 MP: 3/6
   199 | D        | Reached ** piety under Sif Muna
   200 | D        | Reached skill level 8 in Earth Magic
   442 | D        | Learned a level 3 spell: Stone Arrow
   530 | D        | Reached skill level 9 in Earth Magic
   530 | D        | Reached XP level 4. HP: 28/33 MP: 2/7
   534 | D        | Noticed a phantom
   544 | D        | Reached *** piety under Sif Muna
   545 | D        | Reached skill level 1 in Conjurations
   545 | D        | Reached skill level 1 in Invocations
   545 | D        | Reached XP level 5. HP: 34/38 MP: 2/8
   557 | D        | Reached skill level 10 in Earth Magic
   636 | D        | Learned a level 5 spell: Lee's Rapid Deconstruction
   658 | D        | Killed a phantom
   658 | D        | Reached **** piety under Sif Muna
   659 | D        | Reached XP level 6. HP: 37/45 MP: 5/12
   733 | D        | Noticed a wyvern
   735 | D        | Killed a wyvern
   735 | D        | Reached ***** piety under Sif Muna
   735 | D        | Identified Sif Muna's Compendium of Icy Execration (Sif
                  | Muna gifted it to you in the Dungeon)
   735 | D        | Received a gift from Sif Muna
   736 | D        | Reached skill level 5 in Spellcasting
   736 | D        | Reached skill level 11 in Earth Magic
   927 | D        | Your scales start taking on a fiery red colour.
   927 | D        | Reached XP level 7. HP: 50/50 MP: 9/16
   927 | D        | Gained mutation: Your flesh is heat resistant. (rF+) [Red
                  | Draconian growth]
   993 | D        | Noticed a steam dragon
   993 | D        | Noticed a troll
   998 | D        | Killed a steam dragon
   998 | D        | Received a gift from Sif Muna
   999 | D        | Killed a troll
  1000 | D        | Reached skill level 12 in Earth Magic
  1020 | D        | Reached XP level 8. HP: 57/57 MP: 3/19
  1244 | D        | Learned a level 4 spell: Petrify
  1250 | D        | Learned a level 5 spell: Bolt of Magma
  1269 | D        | Noticed a manticore
  1269 | D        | Noticed a rime drake
  1270 | D        | Killed a rime drake
  1271 | D        | Reached skill level 1 in Fighting
  1271 | D        | Reached skill level 1 in Staves
  1271 | D        | Reached skill level 1 in Fire Magic
  1279 | D        | Identified Sif Muna's Compendium of Hurtful Stolen Souls
                  | (Sif Muna gifted it to you in the Dungeon)
  1279 | D        | Received a gift from Sif Muna
  1282 | D        | Killed a manticore
  1283 | D        | Reached skill level 5 in Conjurations
  1418 | D        | Noticed a lindwurm
  1418 | D        | Noticed a deep elf pyromancer
  1445 | D        | Killed a deep elf pyromancer
  1446 | D        | Reached XP level 9. HP: 71/71 MP: 7/21
  1455 | D        | Killed a lindwurm
  1456 | D        | Reached skill level 5 in Fire Magic
  1456 | D        | Reached skill level 10 in Invocations
  1592 | D        | Noticed a polar bear
  1592 | D        | Noticed a four-headed hydra
  1596 | D        | Killed a polar bear
  1596 | D        | Identified Sif Muna's Compendium of Confrontation and
                  | Transmutation (Sif Muna gifted it to you in the Dungeon)
  1596 | D        | Received a gift from Sif Muna
  1596 | D        | Killed a four-headed hydra
  1597 | D        | Reached skill level 5 in Fighting
  1597 | D        | Reached skill level 5 in Staves
  1597 | D        | Reached skill level 5 in Dodging
  1597 | D        | Reached skill level 13 in Earth Magic
  1714 | D        | Noticed Maurice
  1715 | D        | Noticed a guardian mummy
  1719 | D        | Killed a guardian mummy
  1720 | D        | Reached XP level 10. HP: 54/83 MP: 18/23
  1722 | D        | Killed Maurice
  1722 | D        | Identified Sif Muna's Compendium of the Destructive Birds
                  | (Sif Muna gifted it to you in the Dungeon)
  1722 | D        | Received a gift from Sif Muna
  1888 | D        | Noticed a bog body
  1891 | D        | Killed a bog body
  1893 | D        | Reached ****** piety under Sif Muna
  1977 | D        | Noticed a bog body
  1983 | D        | Killed a bog body
  1984 | D        | Identified Sopusket's Disquisition on Enchantment (Sif Muna
                  | gifted it to you in the Dungeon)
  1984 | D        | Received a gift from Sif Muna
  1984 | D        | Killed an unseen horror
  2100 | D        | Noticed a molten gargoyle
  2100 | D        | Noticed a seven-headed hydra
  2100 | D        | Noticed a deep elf zephyrmancer
  2100 | D        | Noticed a deep elf pyromancer
  2109 | D        | Killed a deep elf pyromancer
  2110 | D        | Reached skill level 10 in Spellcasting
  2110 | D        | Killed a seven-headed hydra
  2110 | D        | Identified Sif Muna's Handbook of Confrontation (Sif Muna
                  | gifted it to you in the Dungeon)
  2110 | D        | Received a gift from Sif Muna
  2111 | D        | Reached XP level 11. HP: 94/94 MP: 15/25
  2113 | D        | Killed a deep elf zephyrmancer
  2114 | D        | Reached skill level 14 in Earth Magic
  2121 | D        | Identified Sif Muna's Reference Book on Ghastly Changing
                  | (Sif Muna gifted it to you in the Dungeon)
  2121 | D        | Received a gift from Sif Muna
  2542 | D        | Noticed Nessos
  2546 | D        | Killed Nessos
  2548 | D        | Received a gift from Sif Muna
  2925 | D        | Noticed a seven-headed hydra
  2928 | D        | Killed a seven-headed hydra
  2931 | D        | Reached skill level 10 in Fire Magic
  3049 | D        | Noticed Ilsuiw
  3050 | D        | Noticed a merfolk impaler
  3065 | D        | Killed Ilsuiw
  3065 | D        | Identified Sif Muna's Guide on Snow and Attacks (Sif Muna
                  | gifted it to you in the Dungeon)
  3065 | D        | Received a gift from Sif Muna
  3071 | D        | Killed a merfolk impaler
  3072 | D        | Reached skill level 10 in Conjurations
  3276 | D        | Noticed a death cob
  3282 | D        | Killed a death cob
  3283 | D        | Reached skill level 10 in Fighting
  3283 | D        | Reached XP level 12. HP: 32/106 MP: 0/27
  3653 | D        | Noticed a vampire mage
  3653 | D        | Noticed a death knight
  3653 | D        | Noticed a red draconian
  3653 | D        | Noticed a deep elf annihilator
  3653 | D        | Noticed a minotaur
  3657 | D        | Killed a deep elf annihilator
  3657 | D        | Identified Sif Muna's Collected Works on Clay and Creation
                  | (Sif Muna gifted it to you in the Dungeon)
  3657 | D        | Received a gift from Sif Muna
  3658 | D        | Reached skill level 15 in Earth Magic
  3660 | D        | Killed a red draconian
  3661 | D        | Reached skill level 10 in Staves
  3661 | D        | Killed a death knight
  3663 | D        | Slain by a vampire mage

Illustrated notes

Levels and vault maps discovered:
D:        pitsprint [storerooms_1, entrance_room_1, metal_vault_1, armoury_2,
          mini_pit_1, grid_room_1, main_hall_1, silver_pit, the_coven_1,
          the_vestibule_1, steel_vault_3, golden_pit, hallway_of_sentries,
          crystal_vault_3, iron_vault_3, final_vault]

Skill      XL: |  1  2  3  4  5  6  7  8  9 10 11 12 |
---------------+-------------------------------------+-----
Earth Magic    | 5 7 9 10 11 12 13 14 15 | 15.2
Conjurations   | 1 3 4 5 7 8 10 11 | 11.0
Transmutations | 2 4 |  4.4
Invocations    | 1 4 6 8 9 10 11 13 | 13.2
Spellcasting   | 4 6 7 8 9 10 11 | 11.8
Fighting       | 4 6 8 10 11 | 11.0
Staves         | 3 5 7 9 10 | 10.1
Dodging        | 4 5 7 9 |  9.6
Fire Magic     | 4 6 8 11 12 | 12.1
Stealth        | |  1.7

Action                   |  1- 3 |  4- 6 |  7- 9 | 10-12 || total
-------------------------+-------+-------+-------+-------++-------
Melee: Quarterstaff      |    15 |     5 |       |       ||    20
       Lajatang          |       |       |     7 |     9 ||    16
       Tailslap          |       |       |     2 |     1 ||     3
 Cast: Sandblast         |    14 |    11 |     6 |     3 ||    34
       Lee's Rapid Decon |       |     3 |    17 |    53 ||    73
       Stone Arrow       |       |       |     1 |     5 ||     6
       Bolt of Magma     |       |       |       |     1 ||     1
       Lehudib's Crystal |       |       |       |     1 ||     1
       Fire Storm        |       |       |       |     1 ||     1
Invok: Channel Magic     |       |       |     1 |     5 ||     6
       Divine Exegesis   |       |       |       |     2 ||     2
 Abil: Breathe Fire      |       |       |     1 |     1 ||     2
  Use: Scroll            |       |       |       |     6 ||     6
       Potion            |       |       |       |     2 ||     2
 Stab: Sleeping          |     1 |       |       |       ||     1
Armor: Skin              |    12 |     1 |     3 |    12 ||    28
Dodge: Dodged            |    21 |     6 |    16 |    58 ||   101

Table legend: (Time is in decaauts)
 A = Elapsed time spent in this place.
 B = Non-inter-level travel time spent in this place.
 C = Inter-level travel time spent in this place.
 D = Time resting spent in this place.
 E = Time spent auto-exploring this place.
 F = Levels seen in this place.
 G = Mean time per level.
                   A        B        C        D        E       F      G
               +--------+--------+--------+--------+--------+-----+--------+
         Total |   3684 |   3684 |      0 |   2629 |      0 |   1 | 3684.0 |
       Dungeon |   3684 |   3684 |      0 |   2629 |      0 |   1 | 3684.0 |
               +--------+--------+--------+--------+--------+-----+--------+

Top non-repeatable levels by time:
       D: 3684 daAuts
